 Dungeon Crawl Stone Soup version 0.30.0 (webtiles) character file.

Game seed: 15996190065409183866

584 Brutalitops the Magician (level 7, -11/46 HPs)
             Began as a Vampire Summoner on May 5, 2023.
             Was an Initiate of Ru.
             Mangled by Edmund
             ... wielding a +1 dire flail of holy wrath
              (24 damage)
             ... on level 5 of the Dungeon.
             The game lasted 00:22:53 (4259 turns).

Brutalitops the Magician (Vampire Summoner)         Turns: 4259, Time: 00:22:54

Health: -11/46     AC:  3    Str:  7    XL:     7   Next: 14%
Magic:  3/14       EV: 18    Int: 19    God:    Ru [......]
Gold:   13         SH:  0    Dex: 15    Spells: 6/16 levels left

rFire   . . .        (no weapon)
rCold   + . .        (no shield)
rNeg    . . .        n - +1 robe of Poor Excuses {Archmagi}
rPois   .            (no helmet)
rElec   .            (no cloak)
rCorr   .            (no gloves)
SInv    +            (no boots)
Will    .....        (no amulet)
Stlth   +++          d - ring of protection from cold
HPRegen 0.47/turn    g - +5 ring of evasion
MPRegen 0.14/turn

%: archmagi
@: freezing walls, healing quickly
A: alive, fangs 3, see invisible, vampiric 2
a: Exsanguinate, Renounce Religion


You were on level 5 of the Dungeon.
You worshipped Ru.
Ru was noncommittal.
You visited 1 branch of the dungeon, and saw 5 of its levels.

You collected 151 gold pieces.
You spent 138 gold pieces at shops.

Inventory:

Armour
 a - a +0 robe
 j - a +0 leather armour of poison resistance
 n - the +1 robe of Poor Excuses (worn) {Archmagi}
   (You bought it in a shop on level 4 of the Dungeon)

   Archmagi:  It increases the power of your magical spells.
Magical Staves
 f - a staff of fire
Jewellery
 d - a ring of protection from cold (left hand)
 g - a +5 ring of evasion (right hand)
Scrolls
 h - 3 scrolls of teleportation
 m - a scroll of blinking
 q - a scroll of brand weapon
Potions
 b - a potion of magic
 c - 2 potions of cancellation
 e - 2 potions of heal wounds
 i - 2 potions of invisibility
 k - a potion of mutation {unknown}
 l - 3 potions of curing {unknown}
 o - 2 potions of flight {unknown}
 p - a potion of degeneration {unknown}


   Skills:
 + Level 0.1 Fighting
 + Level 1.3 Armour
 + Level 2.8 Dodging
 + Level 4.3 Stealth
 + Level 0.7 Unarmed Combat
 + Level 5.0 Spellcasting
 + Level 4.6 Summonings
 + Level 3.3 Ice Magic


You had 6 spell levels left.
You knew the following spells:

 Your Spells              Type           Power      Damage    Failure   Level
a - Summon Small Mammal   Summ           100%       N/A       1%          1
b - Call Imp              Summ           66%        N/A       2%          2
c - Freeze                Ice            100%       1d10      3%          1
d - Call Canine Familiar  Summ           33%        N/A       5%          3
e - Frozen Ramparts       Ice            52%        1d8       10%         3

Your spell library contained the following spells:

 Spells                   Type           Power      Damage    Failure   Level
 Slow                     Hex            28%        N/A       12%         1
 Summon Guardian Golem    Hex/Summ       20%        N/A       14%         3
 Hailstorm                Conj/Ice       16%        3d6       19%         3
 Confusing Touch          Hex            7%         N/A       36%         3
 Stone Arrow              Conj/Erth      14%        3d7       36%         3
 Vampiric Draining        Necr           7%         2d6       36%         3
 Animate Armour           Summ/Erth      40%        N/A       43%         4
 Summon Lightning Spire   Summ/Air       20%        N/A       43%         4
 Lehudib's Crystal Spear  Conj/Erth      3%         10d3      100%        8


Dungeon Overview and Level Annotations

Branches:
Dungeon (5/15)
 Temple: D:4-7

Altars:
Makhleb
Ru
Yredelemnul

Shops:
D:1 ([*[[   D:3 [(   D:4 (****

Annotations:
D:5 Edmund


Innate Abilities, Weirdness & Mutations

Your natural rate of healing is accelerated.
You have razor-sharp teeth.
You have supernaturally acute eyesight. (SInv)
You are afflicted with vampirism and can become a bat while bloodless.


Message History

You hit Edmund but do no damage. You bite Edmund.
Edmund is severely wounded.
Your hound completely misses the scorpion.
The wall freezes the scorpion but does no damage.
The scorpion stings your hound.
Unknown command.
You closely miss Edmund.
Edmund is severely wounded.
Your hound closely misses the scorpion.
The wall freezes Edmund.
Edmund completely misses you.
Your hound bites the scorpion.
The wall freezes the scorpion.
The scorpion stings your hound!
Your hound is poisoned.
The scorpion poisons your hound!
You hit Edmund but do no damage.
Edmund is severely wounded.
Your hound dies!
Your hound's corpse disappears in a puff of smoke!
The wall freezes Edmund.
Edmund hits you with a +1 dire flail of holy wrath!
* * * LOW HITPOINT WARNING * * *
You convulse!
* * * LOW HITPOINT WARNING * * *
The wall freezes the scorpion.
Your frozen ramparts will break if you move.
Continue?
Okay, then.
It was a potion of heal wounds.
You feel much better.
The wall freezes Edmund.
Edmund closely misses you.
Casting: Frozen Ramparts (dangerous; 10% risk of failure)
Confirm with . or Enter, or press ? or * to list all spells.
Aiming: Freeze (safe; 3% risk of failure)
Press: ? - help, Shift-Dir - straight line, f - Edmund
Aim: Edmund, wielding a +1 dire flail of holy wrath and wearing a +0 ring mail (almost dead)
You feel a surge of power!
You freeze Edmund.
Edmund is almost dead.
The wall freezes Edmund.
Edmund hits you with a +1 dire flail of holy wrath!
* * * LOW HITPOINT WARNING * * *
You convulse!!
Ouch! That really hurt!
You die...

## .# #### .#
#...##.#
#.#....######
#....s..(....
#.@.......
#@########
#.#...#
#.#.#.#
#.#.#.#
#.#.#.#
#.#.#.#
#.#.#.#
#.#.#.#
#.....#


You could see Edmund and a scorpion.

Vanquished Creatures
  A water moccasin zombie (D:4)
  An orc wizard (D:4)
  Natasha (D:2)
  2 iguanas
  9 adders
  An adder zombie (D:4)
  6 orcs (D:4)
  A ball python (D:4)
  2 endoplasms
  4 giant cockroaches
  6 goblins
  6 hobgoblins
  2 kobolds
  4 quokkas
  3 bats
  5 rats
54 creatures vanquished.

Vanquished Creatures (collateral kills)
  Sigmund (D:4)
  An iguana (D:3)
  Natasha (twice) (D:2)
  A hound zombie (D:4)
  2 adders
  An adder zombie (D:4)
  4 orcs
  A ball python (D:4)
  2 goblins
  4 hobgoblins
  A quokka (D:1)
20 creatures vanquished.

Grand Total: 74 creatures vanquished

Notes
Turn   | Place    | Note
-------+----------+-------------------------------------------
     0 | D:1      | Brutalitops the Vampire Summoner began the quest for the
                  | Orb.
     0 | D:1      | Reached XP level 1. HP: 13/13 MP: 3/3
   263 | D:1      | Reached XP level 2. HP: 19/19 MP: 5/5
   266 | D:1      | Learned a level 2 spell: Call Imp
   305 | D:1      | Learned a level 1 spell: Freeze
   310 | D:1      | Found Nuawk's Armour Emporium.
   310 | D:1      | Noticed an animated gold dragon scales
   311 | D:1      | Found Juorph's Assorted Antiques.
   355 | D:1      | Bought a scroll labelled BORATOUGIS for 30 gold pieces
   360 | D:1      | Noticed an animated crystal plate armour
   491 | D:1      | Found Jarisig's Antique Armour Emporium.
   546 | D:1      | Found Souniuf's Armour Boutique.
   577 | D:1      | You fall into a shaft and drop 1 floor!
   719 | D:1      | Found Oriq's Weapon Boutique.
  1147 | D:2      | Gained mutation: You are afflicted with vampirism and can
                  | become a bat while bloodless. [Vampire growth]
  1147 | D:2      | Reached XP level 3. HP: 24/24 MP: 0/6
  1381 | D:2      | Found a burning altar of Makhleb.
  1505 | D:2      | Noticed Natasha
  1517 | D:2      | Killed Natasha
  1633 | D:2      | Learned a level 3 spell: Call Canine Familiar
  1658 | D:2      | Noticed Natasha
  1662 | D:2      | Reached skill level 1 in Ice Magic
  1695 | D:2      | Killed Natasha
  1696 | D:2      | Reached skill level 3 in Spellcasting
  1696 | D:2      | Reached XP level 4. HP: 25/30 MP: 4/8
  1698 | D:2      | Noticed Natasha
  1704 | D:2      | Killed Natasha
  2264 | D:3      | Reached XP level 5. HP: 35/35 MP: 2/10
  2482 | D:3      | Learned a level 3 spell: Frozen Ramparts
  2770 | D:3      | Found Miukunti's Weapon Emporium.
  2902 | D:3      | Found Tuof's Antique Armour Emporium.
  3092 | D:4      | Found Mioxzini's Assorted Antiques.
  3187 | D:4      | Bought a thick robe for 108 gold pieces
  3187 | D:4      | Identified the +1 robe of Poor Excuses {Archmagi} (You
                  | bought it in a shop on level 4 of the Dungeon)
  3205 | D:4      | Found Zame's General Store.
  3206 | D:4      | Noticed Sigmund
  3212 | D:4      | Killed Sigmund
  3213 | D:4      | Reached skill level 1 in Armour
  3213 | D:4      | Reached skill level 4 in Spellcasting
  3213 | D:4      | Reached XP level 6. HP: 41/41 MP: 1/12
  3312 | D:4      | Found Dainovim's Assorted Antiques.
  3408 | D:4      | Found a sacrificial altar of Ru.
  3420 | D:4      | Became a worshipper of Ru the Awakened
  3589 | D:4      | Found Lullenau's Antique Weapon Shop.
  3754 | D:4      | Found Egeru's Assorted Antiques.
  3824 | D:4      | Found a basalt altar of Yredelemnul.
  3838 | D:4      | Reached XP level 7. HP: 34/46 MP: 14/14
  4169 | D:5      | Entered Level 5 of the Dungeon
  4211 | D:5      | Reached skill level 5 in Spellcasting
  4244 | D:5      | Noticed Edmund
  4259 | D:5      | Mangled by Edmund

Illustrated notes

Levels and vault maps discovered:
D:1:      dpeg_arrival_rhombi, layout_basic, serial_shops, shop_fountains,
          nicolae_shop_bloodbath_and_beyond, shop_statue, shop,
          nicolae_shop_mannequins, feat_on_display
D:2:      layout_basic, basic_altar, uniq_natasha
D:3:      layout_rooms, serial_shops, nicolae_shop_back_alley_shop,
          nicolae_shop_crystal, columned_hall_lemuel
D:4:      layout_loops_ring, nicolae_yredelemnul_corpse_copse,
          mainiacjoe_overflow_big_doors, serial_shops, shop, shop,
          nicolae_shop_back_alley_shop, shop, shop, uniq_sigmund
D:5:      layout_basic, uniq_menkaure, uniq_blork_the_orc, uniq_edmund

Skill      XL: |  1  2  3  4  5  6  7 |
---------------+----------------------+-----
Ice Magic      | 1 2 3 |  3.3
Spellcasting   | 3 4 5 |  5.0
Armour         | 1 |  1.3
Stealth        | 4 |  4.3
Fighting       | |  0.1
Dodging        | |  2.8
Unarmed Combat | |  0.7
Summonings     | |  4.6

Action                     |  1- 3 |  4- 6 |  7- 9 || total
---------------------------+-------+-------+-------++-------
  Melee: Unarmed           |    80 |    24 |    10 ||   114
         Bite              |    11 |     3 |     2 ||    16
         Punch             |     1 |     1 |       ||     2
   Cast: Summon Small Mamm |    10 |       |       ||    10
         Freeze            |    25 |    75 |     9 ||   109
         Call Imp          |     6 |       |       ||     6
         Call Canine Famil |     1 |     6 |     2 ||     9
         Frozen Ramparts   |       |       |     1 ||     1
    Use: Scroll            |     5 |     2 |     3 ||    10
         Potion            |       |       |     1 ||     1
   Stab: Sleeping          |     2 |     8 |     1 ||    11
         Distracted        |     2 |       |       ||     2
 Armour: Robe              |    11 |    10 |     3 ||    24
         Leather armour    |     2 |     4 |       ||     6
  Dodge: Dodged            |    71 |    54 |    10 ||   135
